 Dungeon Crawl Stone Soup version 0.31-a0-963-ga325b2283a (webtiles) character file.

Game seed: 16062153397213555885

3118 LeprechaunX the Mimic (level 9, -3/61 (63) HPs)
             Began as an Octopode Shapeshifter on Oct 25, 2023.
             Slain by a wight
             ... wielding a +0 trident
              (12 damage)
             ... on level 7 of the Dungeon.
             The game lasted 00:10:18 (6340 turns).

LeprechaunX the Mimic (Octopode Shapeshifter)       Turns: 6340, Time: 00:10:18

HP:   -3/61 (63)    AC:  1    Str: 15    XL:     9   Next: 91%
MP:   9/9           EV: 13    Int: 18    God:
Gold: 325           SH:  5    Dex: 14    Spells: 8/8 levels left

rFire   . .          .
                       - Unarmed
rCold   . . .        (no shield)
rNeg    . . .        (helmet currently unavailable)
rPois   .            i - amulet of reflection
rElec   .            v - +6 ring of intelligence
rCorr   .            (no ring)
SInv    .            (no ring)
Will    .....        (no ring)
Stlth   ++           (no ring)
HPRegen 0.30/turn    (no ring)
MPRegen 0.11/turn    (no ring)
                     (no ring)

%: reflection
@: beast-form, lightly drained
A: beast (slay +4), almost no armour, amphibious, 8 rings, camouflage 1,
gelatinous body 1, (nimble swimmer 1), tentacles
a: Begin Untransformation


You were on level 7 of the Dungeon.
You were a hulking beast.
You visited 2 branches of the dungeon, and saw 8 of its levels.
You also visited: Sewer.

You collected 325 gold pieces.

Inventory:

Hand Weapons
 a - a +0 shortbow
 u - a +0 sling
Jewellery
 g - a ring of magical power
 i - an amulet of reflection (around mantle)
 p - an amulet of magic regeneration
 v - a +6 ring of intelligence (left tentacle)
 x - an amulet of the acrobat
Talismans
 b - a beast talisman
 c - a flux talisman
Wands
 w - a wand of mindburst (9)
 z - a wand of flame (23)
Scrolls
 d - 7 scrolls of identify {unknown}
 f - 6 scrolls of teleportation {unknown}
 h - 2 scrolls of poison {unknown}
 k - 2 scrolls of immolation {unknown}
 l - a scroll of blinking {unknown}
 o - 2 scrolls of enchant armour {unknown}
 t - a scroll of fear {unknown}
 y - a scroll of noise {unknown}
Potions
 e - 3 potions of haste {unknown}
 j - a potion of magic {unknown}
 m - 4 potions of curing {unknown}
 n - a potion of invisibility {unknown}
 q - 3 potions of lignification
 r - 2 potions of might {unknown}
 s - a potion of mutation {unknown}


   Skills:
 + Level 6.5 Fighting
 + Level 5.0 Ranged Weapons
 - Level 2.0 Dodging
 - Level 6.0 Unarmed Combat
 * Level 9.1 Shapeshifting


You had 8 spell levels left.
You didn't know any spells.
Your spell library contained the following spells:

 Spells                   Type           Power      Damage    Failure   Level
 Summon Small Mammal      Summ           0%         N/A       22%         1
 Blink                    Tloc           0%         N/A       32%         2
 Lesser Beckoning         Tloc           0%         N/A       32%         2
 Momentum Strike          Conj/Tloc      0%         3d8       32%         2
 Scorch                   Fire           0%         2d5       32%         2
 Call Canine Familiar     Summ           0%         N/A       54%         3
 Summon Guardian Golem    Hex/Summ       0%         N/A       54%         3
 Flame Wave               Conj/Fire      0%         2d4       91%         4
 Summon Cactus Giant      Summ           0%         N/A       100%        6


Dungeon Overview and Level Annotations

Branches:
Dungeon (7/15)             Temple (1/1) D:6           Sewer (visited)

Altars:
Dithmenos
Fedhas
Gozag
Kikubaaqudgha
Nemelex Xobeh
Okawaru
Qazlal
Trog
Uskayaw
Vehumet
Wu Jian
Xom
Yredelemnul

Annotations:
D:6 3 runed translucent doors, peacegoldenking's ghost, novice FeCK


Innate Abilities, Weirdness & Mutations

You are a hulking beast.
Your limbs bulge with bestial killing power. (Slay +4)
You cannot wear most types of armour.
You are amphibious.
You can wear up to eight rings at the same time.
Your skin changes colour to match your surroundings (Stealth+).
Your rubbery body absorbs attacks. (AC +1, EV +1)
((You are camouflaged when in or above water. (Stealth+)))
You have tentacles for arms and can constrict up to eight enemies at once.


Message History

a +0 battleaxe; a +0 robe You tentacle-slap the wight but do no damage.
You grab the wight. You squeeze the wight.
The wight is moderately damaged.
You constrict the wight. The wight hits you with a +3 spear!
You feel drained.
You bludgeon the wight!
The wight is severely damaged.
You constrict the wight. The wight closely misses you.
You tentacle-slap the wight but do no damage.
You squeeze the wight.
You destroy the wight!
You bludgeon the wight! You grab the wight. You tentacle-slap the wight.
The wight is severely damaged.
You constrict the wight. The wight misses you.
You bludgeon the wight!
You destroy the wight!
A wight comes into view. It is wielding a +0 trident.
The wight hits you with a +0 mace.
* * * LOW HITPOINT WARNING * * *
Items here: )) [[.
You closely miss the wight. You grab the wight. You constrict the wight.
The wight misses you.
You tentacle-slap the wight.
The wight is moderately damaged.
You constrict the wight. The wight closely misses you.
The wight hits you with a +0 mace!
* * * LOW HITPOINT WARNING * * *
You feel drained.
* * * LOW HITPOINT WARNING * * *
You tentacle-slap the wight. You squeeze the wight.
You destroy the wight!
The wight barely misses you.
Your Ranged Weapons skill increases to level 5!
Unknown command.
Things that are here:
a +0 battleaxe; a +0 robe The wight attacks as it pursues you!
The wight misses you.
There is a stone staircase leading up here.
The wight hits you from afar with a +0 trident!
You die...

... ## ...
.. ..
#.##### ..
#..h..# .#
#####z# .#
#.###.######
#..)))..(...
#######.####


You could see a wight.

Vanquished Creatures
  5 yaks (D:5)
  Edmund (D:5)
  A sky beast (D:5)
  An ice beast (D:5)
  2 ogres (D:5)
  3 phantoms (D:5)
  3 bullfrogs
  6 kobold brigands (Sewer)
  3 scorpions
  4 wights (D:7)
  3 jellies
  2 orc priests
  4 iguanas (D:6)
  9 orc wizards
  8 adders
  A river rat (Sewer)
  A white imp (D:6)
  7 worms
  A dart slug (D:3)
  20 orcs
  10 endoplasms
  7 giant cockroaches
  11 goblins
  7 hobgoblins
  12 jackals
  6 quokkas
  11 ball pythons
  6 bats
  2 frilled lizards
  8 kobolds
  11 rats
176 creatures vanquished.

Notes
Turn   | Place    | Note
-------+----------+-------------------------------------------
     0 | D:1      | LeprechaunX the Octopode Shapeshifter began the quest for
                  | the Orb.
     0 | D:1      | Reached XP level 1. HP: 13/13 MP: 1/1
   209 | D:1      | Reached XP level 2. HP: 18/18 MP: 2/2
   695 | D:2      | Found a stormy altar of Qazlal.
   767 | D:2      | Reached XP level 3. HP: 22/23 MP: 3/3
  1222 | D:3      | Reached XP level 4. HP: 23/29 MP: 4/4
  1250 | D:3      | Reached skill level 4 in Shapeshifting
  1280 | D:3      | Found a glowing drain.
  1333 | Sewer    | Entered a sewer
  1453 | Sewer    | Reached XP level 5. HP: 35/35 MP: 5/5
  1581 | Sewer    | Noticed a kobold brigand
  1598 | Sewer    | Killed a kobold brigand
  1651 | Sewer    | Noticed a kobold brigand
  1671 | Sewer    | Killed a kobold brigand
  1672 | Sewer    | Reached XP level 6. HP: 33/42 MP: 6/6
  1815 | Sewer    | Reached skill level 5 in Shapeshifting
  1941 | Sewer    | Reached XP level 7. HP: 45/46 MP: 7/7
  2276 | D:3      | Found a blossoming altar of Fedhas.
  2827 | D:3      | Found a sparkling altar of Nemelex Xobeh.
  2887 | D:4      | Reached skill level 6 in Shapeshifting
  3051 | D:4      | Reached skill level 1 in Ranged Weapons
  3051 | D:4      | Reached skill level 5 in Unarmed Combat
  3325 | D:4      | Reached XP level 8. HP: 28/54 MP: 8/8
  3664 | D:5      | Entered Level 5 of the Dungeon
  3907 | D:5      | Noticed Edmund
  3925 | D:5      | Killed Edmund
  4059 | D:5      | Noticed a yak
  4059 | D:5      | Noticed a yak
  4114 | D:5      | Noticed a yak
  4154 | D:5      | Killed a yak
  4155 | D:5      | Reached skill level 7 in Shapeshifting
  4412 | D:5      | Reached skill level 5 in Fighting
  4631 | D:5      | Noticed a yak
  4673 | D:5      | Killed a yak
  4676 | D:5      | Noticed a yak
  4687 | D:5      | Killed a yak
  4688 | D:5      | Reached XP level 9. HP: 16/61 MP: 9/9
  4701 | D:5      | Reached skill level 8 in Shapeshifting
  5709 | D:6      | Found a runed translucent gate.
  5709 | D:6      | Found a runed translucent gate.
  5709 | D:6      | Found a runed translucent gate.
  5712 | D:6      | Noticed peacegoldenking's ghost (novice FeCK)
  5934 | D:6      | Found a staircase to the Ecumenical Temple.
  5944 | Temple   | Entered the Ecumenical Temple
  6279 | D:7      | Reached skill level 9 in Shapeshifting
  6334 | D:7      | Reached skill level 5 in Ranged Weapons
  6340 | D:7      | Slain by a wight

Illustrated notes

Levels and vault maps discovered:
D:1:      dpeg_arrival_lava_temple_mockup, layout_basic,
          nicolae_concentric_dashed_squares_mild
D:2:      layout_basic, basic_altar
D:3:      layout_loops_ring, fedhas_altar_1, nemelex_dance_club_becter,
          portal_sewer_entry_f
D:4:      layout_basic, minivault_11
D:5:      layout_rooms, uniq_edmund
D:6:      layout_rooms, minmay_temple_entry_sparse_star,
          ebering_ghost_rock_garden, minmay_misc_feat_iff
D:7:      layout_loops_ring, dreamdust_divine_triumvirate,
          grunt_temple_overflow_open
Temple:   nicolae_temple_bog_church

Skill      XL: |  1  2  3  4  5  6  7  8  9 |
---------------+----------------------------+-----
Fighting       | 2 3 4 5 6 |  6.5
Shapeshifting  | 4 5 6 7 9 |  9.1
Unarmed Combat | 4 5 6 |  6.0
Ranged Weapons | 1 3 5 |  5.0
Dodging        | |  2.0

Action                     |  1- 3 |  4- 6 |  7- 9 || total
---------------------------+-------+-------+-------++-------
  Melee: Unarmed           |    58 |    70 |   261 ||   389
         Constrict         |    19 |    15 |    48 ||    82
         Tentacles         |    11 |    19 |    43 ||    73
         Punch             |     3 |     4 |    11 ||    18
   Fire: Shortbow          |       |       |    39 ||    39
    Use: Potion            |       |       |     2 ||     2
   Stab: Sleeping          |     8 |     6 |    12 ||    26
 Armour: Skin              |    14 |    14 |   129 ||   157
  Dodge: Dodged            |    30 |    21 |   102 ||   153
  Block: Other             |     5 |    11 |    34 ||    50
         Reflection        |       |       |     4 ||     4

Table legend: (Time is in decaauts)
 A = Elapsed time spent in this place.
 B = Non-inter-level travel time spent in this place.
 C = Inter-level travel time spent in this place.
 D = Time resting spent in this place.
 E = Time spent auto-exploring this place.
 F = Levels seen in this place.
 G = Mean time per level.
                   A        B        C        D        E       F      G
               +--------+--------+--------+--------+--------+-----+--------+
         Total |   6310 |   6105 |    205 |   1201 |   3554 |   9 |  701.1 |
       Dungeon |   5501 |   5296 |    205 |   1163 |   2992 |   7 |  785.9 |
        Temple |      1 |      1 |      0 |      0 |      0 |   1 |    1.0 |
         Sewer |    806 |    806 |      0 |     38 |    562 |   1 |  806.0 |
               +--------+--------+--------+--------+--------+-----+--------+

Top non-repeatable levels by time:
     D:5: 1816 daAuts
     D:4: 893 daAuts
     D:3: 842 daAuts
   Sewer: 806 daAuts
     D:1: 692 daAuts
     D:6: 664 daAuts
     D:2: 518 daAuts
     D:7: 74 daAuts
  Temple: 1 daAuts
